Predators vs Capitals
Created - May 9, 2017 at 19:24
Goals
|
| Predators |
0 |
2 |
2 |
4 |
| Capitals |
1 |
1 |
0 |
2 |
|
Shots
|
| Predators |
2 |
9 |
17 |
28 |
| Capitals |
17 |
10 |
2 |
29 |
|
1st period
1. Capitals , Chris Kunitz 15 (Daniel Briere 28) at 10:13
Penalties :
Alexander Ovechkin (Nas) for Hooking (Minor) at 12:53
2nd period
2. Predators , James Van Riemsdyk 12 (Byron Bitz 35) at 1:52 (PP)
3. Capitals , Ryan Callahan 14 (Joffrey Lupul 8) at 13:56
4. Predators , Alexander Ovechkin 43 (Niclas Bergfors 37, Dmitri Kalinin 21) at 14:41
Penalties :
Daniel Briere (Was) for Hooking (Minor) at 0:55, Alexander Edler (Nas) for Hooking (Minor) at 8:42, Mikael Granlund (Nas) for Holding (Minor) at 15:03, Saku Koivu (Was) for High sticking (Minor) at 17:32
3rd period
5. Predators , Ryan Kesler 35 (Niclas Bergfors 38, Alexander Ovechkin 46) at 13:05
6. Predators , Byron Bitz 30 (Alexander Ovechkin 47, John Moore 19) at 19:25 (Empty Net)
Penalties :
Brian Boyle (Was) for Delaying the game (Minor) at 1:41, Saku Koivu (Was) for Tripping (Minor) at 14:36
Goalie Stats
Chad Johnson (Nas), 27 saves from 29 shots - (0.931), W, 2-4-0, 60:00 minutes
Jake Allen (Was), 24 saves from 27 shots - (0.889), L, 3-6-1, 59:26 minutes
Players Stats for Predators
Player Name G A P +/- PIM S H SB GA TA FO MP PP MP PK MP
------------------------------------------------------------------------------------
Adam Burish 0 0 0 0 0 0 3 0 1 0 0/0 14:28 0:00 2:09
Alexander Edler 0 0 0 -1 2 0 0 0 0 1 0/0 24:46 3:16 2:11
Alexander Ovechkin 1 2 3 2 2 5 4 0 2 0 0/0 20:45 3:05 0:56
Alexander Steen 0 0 0 -1 0 6 4 1 0 1 0/0 18:20 0:00 0:29
Andrej Meszaros 0 0 0 0 0 0 0 1 0 0 0/0 9:17 3:38 0:24
Andy Miele 0 0 0 0 0 0 1 0 0 0 5/7 13:06 0:00 1:33
Barret Jackman 0 0 0 2 0 0 0 0 0 0 0/0 9:43 0:00 0:00
Brett Clark 0 0 0 0 0 0 3 2 1 0 0/0 15:39 0:00 2:44
Byron Bitz 1 1 2 0 0 4 2 1 0 2 1/2 19:58 3:49 2:29
David Jones 0 0 0 0 0 0 1 0 0 0 0/0 6:29 0:00 0:00
Dmitri Kalinin 0 1 1 0 0 1 1 1 0 0 0/0 18:47 3:38 1:02
James Van Riemsdyk 1 0 1 0 0 2 0 0 0 0 0/0 14:43 3:49 0:00
John Moore 0 1 1 2 0 1 1 1 0 1 0/0 16:01 0:00 2:15
Kris Vernarsky 0 0 0 0 0 1 0 0 0 0 2/3 6:57 0:00 0:28
Mikael Granlund 0 0 0 -1 2 2 0 1 0 0 7/14 18:03 3:49 0:54
Niclas Bergfors 0 2 2 1 0 4 0 0 0 0 1/3 18:54 3:05 0:00
Ryan Kesler 1 0 1 2 0 2 1 1 0 0 15/25 22:13 3:05 2:56
Ryan Mcdonagh 0 0 0 -1 0 0 0 1 0 2 0/0 25:50 3:16 3:18
Players Stats for Capitals
Player Name G A P +/- PIM S H SB GA TA FO MP PP MP PK MP
------------------------------------------------------------------------------------
Brian Boyle 0 0 0 0 2 1 2 0 0 0 6/16 16:55 0:03 0:11
Chris Kunitz 1 0 1 0 0 1 2 0 1 0 0/0 15:20 2:43 0:45
Chris Phillips 0 0 0 0 0 3 1 1 0 0 0/0 27:42 2:43 4:05
Daniel Briere 0 1 1 0 2 5 0 0 0 0 5/11 17:37 2:43 3:10
Jamie Langenbrunner 0 0 0 0 0 0 0 1 0 1 1/1 14:36 2:43 0:00
Jarome Iginla 0 0 0 -1 0 0 5 3 0 0 1/2 16:41 3:11 2:06
Jay Harrison 0 0 0 -1 0 2 0 2 1 0 0/0 23:07 0:00 0:00
Joe Thornton 0 0 0 -1 0 3 1 0 1 0 3/7 14:09 3:11 3:43
Joffrey Lupul 0 1 1 0 0 1 1 0 1 0 1/2 16:25 0:03 0:00
Marek Zidlicky 0 0 0 0 0 1 3 1 1 2 0/0 21:33 2:13 2:49
Mark Giordano 0 0 0 0 0 0 0 0 0 0 0/0 9:47 1:01 0:00
Patrick Marleau 0 0 0 -1 0 1 0 0 0 0 0/0 12:52 3:11 2:06
Ryan Callahan 1 0 1 0 0 5 1 0 1 0 1/1 16:46 0:03 0:00
Ryan Johansen 0 0 0 0 0 2 2 0 0 0 1/5 6:45 0:00 0:00
Saku Koivu 0 0 0 0 4 2 0 0 0 0 3/7 11:38 0:00 0:00
Shane Doan 0 0 0 0 0 0 2 0 0 0 1/2 13:18 0:00 1:47
Tom Preissing 0 0 0 -1 0 2 0 1 0 1 0/0 22:18 2:13 2:49
Zdeno Chara 0 0 0 0 0 0 1 1 1 0 0/0 15:33 3:44 4:05
3 Stars
1 - Alexander Ovechkin (Nas)
2 - Byron Bitz (Nas)
3 - Ryan Kesler (Nas)
Power Play
Predators - 1 on 4 Attempt(s) - 25.00%
Capitals - 0 on 4 Attempt(s) - 0.00%
Penalty Kill
Predators - 4 on 4 Attempt(s) - 100.00%
- Score 0 goal in Penalty Kill
Capitals - 3 on 4 Attempt(s) - 75.00%
- Score 0 goal in Penalty Kill
Team Stat
Predators - Hits : 21 - Faceoff Wins : 31 - Blocked Shots : 10 - Penalty Minutes : 6
Capitals - Hits : 21 - Faceoff Wins : 23 - Blocked Shots : 10 - Penalty Minutes : 8
Official
Referees : Hasenfratz Mike and Walkom Stephen
Linesman : Darren Gibbs and Ryan Galloway
Game Notes
11:42 of 2nd period - Penalty Shot by Ryan Kesler for Predators - Stopped by Jake Allen
Byron Bitz has scored in a empty net!
Finance
Level 1 -- Attendance: 6000 (100.00%) -- Ticket Income $462,000
Level 2 -- Attendance: 5000 (100.00%) -- Ticket Income $210,000
Level 3 -- Attendance: 2000 (100.00%) -- Ticket Income $54,000
Level 4 -- Attendance: 4000 (100.00%) -- Ticket Income $64,000
Luxury Box -- Attendance: 811 (81.10%) -- Ticket Income $132,193
Game was played at the Verizon Center.
Total Attendance: 17811 (98.95%)
Total Ticket Income: $922,193
Other Income: $138,329
Total Income: $1,060,522
Predators
5 vs 5 Forward
Center Left Wing Right Wing Time % Phy DF OF
1 Ryan Kesler Alexander Ovechkin Niclas Bergfors 40 1 1 2
2 Mikael Granlund Alexander Steen Byron Bitz 30 1 2 2
3 Andy Miele James Van Riemsdyk Adam Burish 20 1 2 2
4 Kris Vernarsky Alexander Steen David Jones 10 1 2 2
5 vs 5 Defense
Defense Defense Time % Phy DF OF
1 Alexander Edler Ryan Mcdonagh 40 1 2 2
2 Dmitri Kalinin Brett Clark 30 1 2 2
3 Barret Jackman John Moore 20 1 2 2
4 Andrej Meszaros John Moore 10 1 2 2
PowerPlay Forward
Center Left Wing Right Wing Time % Phy DF OF
1 Ryan Kesler Alexander Ovechkin Niclas Bergfors 60 1 0 4
2 Mikael Granlund James Van Riemsdyk Byron Bitz 40 1 0 4
PowerPlay Defense
Defense Defense Time % Phy DF OF
1 Ryan Mcdonagh Alexander Edler 60 1 1 3
2 Andrej Meszaros Dmitri Kalinin 40 1 1 3
Penalty Kill 4 Players Forward
Center Wing Time % Phy DF OF
1 Ryan Kesler Byron Bitz 60 1 2 1
2 Andy Miele Adam Burish 40 1 2 2
Penalty Kill 4 Players Defense
Defense Defense Time % Phy DF OF
1 Alexander Edler Ryan Mcdonagh 60 1 3 1
2 John Moore Brett Clark 40 1 3 1
Penalty Kill - 3 Players Forward
Forward Time % Phy DF OF
1 Byron Bitz 60 1 3 1
2 Adam Burish 40 1 3 1
Penalty Kill - 3 Players Defense
Defense Defense Time % Phy DF OF
1 John Moore Ryan Mcdonagh 60 1 4 0
2 Alexander Edler Brett Clark 40 1 4 0
4 vs 4 Forward
Center Wing Time % Phy DF OF
1 Alexander Ovechkin Ryan Kesler 60 1 2 2
2 Byron Bitz Niclas Bergfors 40 1 2 2
4 vs 4 Defense
Defense Defense Time % Phy DF OF
1 Ryan Mcdonagh Alexander Edler 60 1 2 2
2 Dmitri Kalinin Barret Jackman 40 1 2 2
Last Minutes Offensive
Center Left Wing Right Wing Defense Defense
Ryan Kesler Alexander Ovechkin Niclas Bergfors Ryan Mcdonagh Alexander Edler
Last Minutes Defensive
Center Left Wing Right Wing Defense Defense
Ryan Kesler Alexander Ovechkin Byron Bitz John Moore Ryan Mcdonagh
Goaltenders
Starting : Chad Johnson
Backup : Viktor Fasth
Extra Forwards
Normal : Adam Burish, Andy Miele, Kris Vernarsky - PP : Adam Burish, Kris Vernarsky - PK : Adam Burish
Extra Defensemen
Normal : John Moore, Dmitri Kalinin, Andrej Meszaros - PP : John Moore - PK : Dmitri Kalinin, Brett Clark
Penalty Shots
Alexander Ovechkin, Ryan Kesler, Byron Bitz, Niclas Bergfors, Alexander Steen
Scratches
Frans Nielsen (Concussion Injury)
Capitals
5 vs 5 Forward
Center Left Wing Right Wing Time % Phy DF OF
1 Brian Boyle Joffrey Lupul Ryan Callahan 40 1 2 2
2 Daniel Briere Chris Kunitz Jamie Langenbrunner 30 1 2 2
3 Saku Koivu Shane Doan Jarome Iginla 20 1 2 2
4 Ryan Johansen Patrick Marleau Joe Thornton 10 1 2 2
5 vs 5 Defense
Defense Defense Time % Phy DF OF
1 Tom Preissing Jay Harrison 40 1 2 2
2 Chris Phillips Marek Zidlicky 30 1 2 2
3 Mark Giordano Jay Harrison 20 1 2 2
4 Chris Phillips Zdeno Chara 10 1 2 2
PowerPlay Forward
Center Left Wing Right Wing Time % Phy DF OF
1 Joe Thornton Patrick Marleau Jarome Iginla 60 1 2 2
2 Daniel Briere Chris Kunitz Jamie Langenbrunner 40 1 2 2
PowerPlay Defense
Defense Defense Time % Phy DF OF
1 Chris Phillips Zdeno Chara 60 1 2 2
2 Marek Zidlicky Tom Preissing 40 1 2 2
Penalty Kill 4 Players Forward
Center Wing Time % Phy DF OF
1 Joe Thornton Daniel Briere 60 1 2 2
2 Jarome Iginla Patrick Marleau 40 1 2 2
Penalty Kill 4 Players Defense
Defense Defense Time % Phy DF OF
1 Chris Phillips Zdeno Chara 60 1 2 2
2 Marek Zidlicky Tom Preissing 40 1 2 2
Penalty Kill - 3 Players Forward
Forward Time % Phy DF OF
1 Joe Thornton 60 1 2 2
2 Daniel Briere 40 1 2 2
Penalty Kill - 3 Players Defense
Defense Defense Time % Phy DF OF
1 Chris Phillips Zdeno Chara 60 1 2 2
2 Marek Zidlicky Tom Preissing 40 1 2 2
4 vs 4 Forward
Center Wing Time % Phy DF OF
1 Joe Thornton Daniel Briere 60 1 2 2
2 Jarome Iginla Patrick Marleau 40 1 2 2
4 vs 4 Defense
Defense Defense Time % Phy DF OF
1 Chris Phillips Zdeno Chara 60 1 2 2
2 Marek Zidlicky Tom Preissing 40 1 2 2
Last Minutes Offensive
Center Left Wing Right Wing Defense Defense
Joe Thornton Patrick Marleau Jarome Iginla Chris Phillips Zdeno Chara
Last Minutes Defensive
Center Left Wing Right Wing Defense Defense
Joe Thornton Patrick Marleau Jarome Iginla Chris Phillips Zdeno Chara
Goaltenders
Starting : Jake Allen
Backup : Jonas Gustavsson
Extra Forwards
Normal : Brian Boyle, Ryan Callahan, Shane Doan - PP : Brian Boyle, Ryan Callahan - PK : Shane Doan
Extra Defensemen
Normal : Mark Giordano, Jay Harrison, Marek Zidlicky - PP : Mark Giordano - PK : Jay Harrison, Marek Zidlicky
Penalty Shots
Joe Thornton, Daniel Briere, Jarome Iginla, Patrick Marleau, Jamie Langenbrunner
Scratches
Ondrej Palat (Torn Left Knee Ligaments Injury), Tyler Seguin (Healthy), Mike Hoffman (Healthy), Erik Karlsson (Suspend)
% Time on Ice - Predators
Lines # - Real PCT - Wanted PCT - Time Play
Normal Forward
1 - 34% - 40% - 15:53
2 - 29% - 30% - 13:37
3 - 23% - 20% - 10:47
4 - 14% - 10% - 6:29
Normal Defense
1 - 41% - 40% - 19:20
2 - 29% - 30% - 13:23
3 - 20% - 20% - 9:20
4 - 10% - 10% - 4:43
PP Forward
1 - 45% - 60% - 3:05
2 - 55% - 40% - 3:49
PP Defense
1 - 47% - 60% - 3:16
2 - 53% - 40% - 3:38
PK Forward
1 - 74% - 60% - 4:24
2 - 26% - 40% - 1:33
PK Defense
1 - 62% - 60% - 3:42
2 - 38% - 40% - 2:15
PK3 Forward
1 - 0% - 60%
2 - 0% - 40%
PK3 Defense
1 - 0% - 60%
2 - 0% - 40%
44 Forward
1 - 0% - 60%
2 - 0% - 40%
44 Defense
1 - 0% - 60%
2 - 0% - 40%
Last Minute Offensive - 0:00
Last Minute Defensive - 0:23
Total
Forward - 60:00
Defense - 60:00
|
% Time on Ice - Capitals
Lines # - Real PCT - Wanted PCT - Time Play
Normal Forward
1 - 35% - 40% - 16:32
2 - 26% - 30% - 12:05
3 - 24% - 20% - 11:20
4 - 14% - 10% - 6:45
Normal Defense
1 - 37% - 40% - 17:17
2 - 33% - 30% - 15:26
3 - 17% - 20% - 7:44
4 - 13% - 10% - 6:15
PP Forward
1 - 54% - 60% - 3:14
2 - 46% - 40% - 2:43
PP Defense
1 - 63% - 60% - 3:44
2 - 37% - 40% - 2:13
PK Forward
1 - 70% - 60% - 4:48
2 - 30% - 40% - 2:06
PK Defense
1 - 59% - 60% - 4:05
2 - 41% - 40% - 2:49
PK3 Forward
1 - 0% - 60%
2 - 0% - 40%
PK3 Defense
1 - 0% - 60%
2 - 0% - 40%
44 Forward
1 - 0% - 60%
2 - 0% - 40%
44 Defense
1 - 0% - 60%
2 - 0% - 40%
Last Minute Offensive - 0:27
Last Minute Defensive - 0:00
Total
Forward - 60:00
Defense - 60:00
|
Play by Play
1st period
0:01 of 1st period - Ryan Kesler wins face-off versus Brian Boyle in neutral zone.
0:15 of 1st period - Wrist shot by Ryan Callahan.
0:15 of 1st period - Shot Misses the Net.
0:44 of 1st period - Wrist shot by James Van Riemsdyk.
0:44 of 1st period - Stopped by Jake Allen without a rebound.
0:45 of 1st period - Saku Koivu wins face-off versus Andy Miele in Capitals zone.
0:45 of 1st period - Saku Koivu is hit by Brett Clark.
1:12 of 1st period - Icing by Brett Clark.
1:13 of 1st period - Joffrey Lupul wins face-off versus Kris Vernarsky in Predators zone.
1:14 of 1st period - Slapshot by Ryan Callahan.
1:14 of 1st period - Stopped by Chad Johnson with a rebound.
1:16 of 1st period - Snap shot by Brian Boyle.
1:16 of 1st period - Shot Misses the Net.
1:18 of 1st period - Wrist shot by Zdeno Chara.
1:18 of 1st period - Deflect By Ryan Callahan.
1:18 of 1st period - Stopped by Chad Johnson with a rebound.
1:28 of 1st period - Slapshot by Brian Boyle.
1:28 of 1st period - Stopped by Chad Johnson without a rebound.
1:29 of 1st period - Ryan Johansen wins face-off versus Niclas Bergfors in Predators zone.
1:38 of 1st period - Wrist shot by Ryan Johansen.
1:38 of 1st period - Stopped by Chad Johnson with a rebound.
1:40 of 1st period - Snap shot by Patrick Marleau.
1:40 of 1st period - Stopped by Chad Johnson with a rebound.
1:42 of 1st period - Slapshot by Jay Harrison.
1:42 of 1st period - Stopped by Chad Johnson with a rebound.
1:44 of 1st period - Slapshot by Tom Preissing.
1:44 of 1st period - Stopped by Chad Johnson with a rebound.
1:54 of 1st period - Andrej Meszaros is hit by Brian Boyle and loses puck.
3:03 of 1st period - Snap shot by Joe Thornton.
3:03 of 1st period - Stopped by Chad Johnson with a rebound.
3:05 of 1st period - Snap shot by Tom Preissing.
3:05 of 1st period - Shot Blocked by Brett Clark.
3:07 of 1st period - Snap shot by Ryan Johansen.
3:07 of 1st period - Stopped by Chad Johnson with a rebound.
3:09 of 1st period - Slapshot by Tom Preissing.
3:09 of 1st period - Shot Misses the Net.
4:20 of 1st period - Snap shot by Ryan Callahan.
4:20 of 1st period - Shot Misses the Net.
5:05 of 1st period - Snap shot by Joe Thornton.
5:05 of 1st period - Stopped by Chad Johnson without a rebound.
5:06 of 1st period - Mikael Granlund wins face-off versus Ryan Johansen in Predators zone.
5:06 of 1st period - Mikael Granlund is hit by Ryan Johansen.
5:15 of 1st period - Off-side.
5:16 of 1st period - Mikael Granlund wins face-off versus Brian Boyle in neutral zone.
5:46 of 1st period - Slapshot by Adam Burish.
5:46 of 1st period - Shot Blocked by Jamie Langenbrunner.
6:04 of 1st period - Snap shot by Saku Koivu.
6:04 of 1st period - Stopped by Chad Johnson with a rebound.
6:06 of 1st period - Slapshot by Chris Phillips.
6:06 of 1st period - Stopped by Chad Johnson with a rebound.
6:08 of 1st period - Snap shot by Saku Koivu.
6:08 of 1st period - Shot Misses the Net.
6:10 of 1st period - Slapshot by Marek Zidlicky.
6:10 of 1st period - Stopped by Chad Johnson with a rebound.
6:42 of 1st period - Ryan Callahan is hit by John Moore and loses puck.
7:48 of 1st period - Alexander Edler is hit by Ryan Johansen.
7:58 of 1st period - Andy Miele is hit by Ryan Callahan and loses puck.
8:43 of 1st period - Snap shot by Chris Kunitz.
8:43 of 1st period - Shot Misses the Net.
8:45 of 1st period - Slapshot by Chris Phillips.
8:45 of 1st period - Deflect By Adam Burish.
8:45 of 1st period - Stopped by Chad Johnson without a rebound.
8:46 of 1st period - Niclas Bergfors wins face-off versus Saku Koivu in Predators zone.
9:03 of 1st period - Alexander Edler is hit by Jarome Iginla and loses puck.
9:48 of 1st period - Andy Miele is hit by Chris Phillips and loses puck.
10:09 of 1st period - Wrist shot by Joe Thornton.
10:09 of 1st period - Stopped by Chad Johnson with a rebound.
10:11 of 1st period - Slapshot by Zdeno Chara.
10:11 of 1st period - Deflect By Joe Thornton.
10:11 of 1st period - Shot Misses the Net.
10:11 of 1st period - Puck is out of play.
10:12 of 1st period - Daniel Briere wins face-off versus Ryan Kesler in Predators zone.
10:13 of 1st period - Snap shot by Chris Kunitz.
10:13 of 1st period - Goal by Chris Kunitz - Predators : 0 - Capitals : 1.
10:14 of 1st period - Ryan Kesler wins face-off versus Brian Boyle in neutral zone.
10:20 of 1st period - Slapshot by Ryan Mcdonagh.
10:20 of 1st period - Deflect By Niclas Bergfors.
10:20 of 1st period - Stopped by Jake Allen with a rebound.
11:04 of 1st period - Saku Koivu is hit by Adam Burish and loses puck.
11:13 of 1st period - Slapshot by Marek Zidlicky.
11:13 of 1st period - Shot Blocked by Dmitri Kalinin.
11:33 of 1st period - Snap shot by Joe Thornton.
11:33 of 1st period - Shot Blocked by Brett Clark.
11:35 of 1st period - Slapshot by Tom Preissing.
11:35 of 1st period - Stopped by Chad Johnson with a rebound.
12:53 of 1st period - Minor Penalty to Alexander Ovechkin for Hooking.
12:54 of 1st period - Ryan Kesler wins face-off versus Joe Thornton in Predators zone.
14:12 of 1st period - Chris Kunitz is hit by Alexander Steen and loses puck.
14:49 of 1st period - Chris Kunitz is hit by Brett Clark and loses puck.
14:53 of 1st period - Penalty to Alexander Ovechkin is over, Alexander Ovechkin is back on ice.
15:17 of 1st period - Adam Burish is hit by Shane Doan and loses puck.
17:17 of 1st period - Slapshot by Alexander Edler.
17:17 of 1st period - Shot Misses the Net.
17:57 of 1st period - Brett Clark is hit by Brian Boyle and loses puck.
18:08 of 1st period - Marek Zidlicky is hit by Andy Miele and loses puck.
18:19 of 1st period - Wrist shot by Alexander Ovechkin.
18:19 of 1st period - Shot Misses the Net.
18:40 of 1st period - Icing by Adam Burish.
18:41 of 1st period - Saku Koivu wins face-off versus Mikael Granlund in Predators zone.
18:44 of 1st period - Slapshot by Daniel Briere.
18:44 of 1st period - Shot Blocked by John Moore.
Goals for this period are 0 for Predators vs 1 for Capitals.
Shots for this period are 2 for Predators vs 17 for Capitals.
2nd period
0:01 of 2nd period - Ryan Kesler wins face-off versus Brian Boyle in neutral zone.
0:04 of 2nd period - Joffrey Lupul is hit by Alexander Ovechkin.
0:08 of 2nd period - Wrist shot by Ryan Callahan.
0:08 of 2nd period - Stopped by Chad Johnson with a rebound.
0:10 of 2nd period - Slapshot by Jay Harrison.
0:10 of 2nd period - Stopped by Chad Johnson with a rebound.
0:12 of 2nd period - Slapshot by Tom Preissing.
0:12 of 2nd period - Shot Misses the Net.
0:26 of 2nd period - Alexander Ovechkin is hit by Jarome Iginla and loses puck.
0:53 of 2nd period - Slapshot by Mikael Granlund.
0:53 of 2nd period - Shot Misses the Net.
0:55 of 2nd period - Minor Penalty to Daniel Briere for Hooking.
0:56 of 2nd period - Byron Bitz wins face-off versus Joe Thornton in Capitals zone.
1:19 of 2nd period - Shane Doan is hit by Dmitri Kalinin and loses puck.
1:52 of 2nd period - Snap shot by James Van Riemsdyk.
1:52 of 2nd period - Goal by James Van Riemsdyk - Predators : 1 - Capitals : 1.
1:53 of 2nd period - Ryan Kesler wins face-off versus Joffrey Lupul in neutral zone.
1:56 of 2nd period - Snap shot by Alexander Edler.
1:56 of 2nd period - Shot Misses the Net.
2:11 of 2nd period - Icing by Ryan Mcdonagh.
2:12 of 2nd period - Ryan Kesler wins face-off versus Daniel Briere in Predators zone.
2:25 of 2nd period - Jay Harrison is hit by Alexander Ovechkin and loses puck.
3:21 of 2nd period - Snap shot by Alexander Ovechkin.
3:21 of 2nd period - Stopped by Jake Allen without a rebound.
3:22 of 2nd period - Mikael Granlund wins face-off versus Brian Boyle in Capitals zone.
3:29 of 2nd period - Wrist shot by Byron Bitz.
3:29 of 2nd period - Shot Blocked by Marek Zidlicky.
3:42 of 2nd period - Icing by Byron Bitz.
3:43 of 2nd period - Daniel Briere wins face-off versus Mikael Granlund in Predators zone.
4:28 of 2nd period - Wrist shot by Alexander Steen.
4:28 of 2nd period - Stopped by Jake Allen without a rebound.
4:29 of 2nd period - Andy Miele wins face-off versus Jarome Iginla in Capitals zone.
5:59 of 2nd period - Jarome Iginla is hit by Brett Clark and loses puck.
6:06 of 2nd period - Niclas Bergfors is hit by Shane Doan and loses puck.
6:25 of 2nd period - Slapshot by Mikael Granlund.
6:25 of 2nd period - Stopped by Jake Allen with a rebound.
6:27 of 2nd period - Wrist shot by Byron Bitz.
6:27 of 2nd period - Stopped by Jake Allen without a rebound.
6:28 of 2nd period - Mikael Granlund wins face-off versus Brian Boyle in Capitals zone.
6:37 of 2nd period - Snap shot by Byron Bitz.
6:37 of 2nd period - Stopped by Jake Allen without a rebound.
6:38 of 2nd period - Ryan Kesler wins face-off versus Brian Boyle in Capitals zone.
7:14 of 2nd period - Snap shot by Joffrey Lupul.
7:14 of 2nd period - Shot Misses the Net.
7:16 of 2nd period - Snap shot by Chris Phillips.
7:16 of 2nd period - Shot Blocked by Andrej Meszaros.
7:18 of 2nd period - Slapshot by Marek Zidlicky.
7:18 of 2nd period - Shot Blocked by Alexander Steen.
7:56 of 2nd period - Slapshot by John Moore.
7:56 of 2nd period - Stopped by Jake Allen with a rebound.
8:24 of 2nd period - Slapshot by Joffrey Lupul.
8:24 of 2nd period - Shot Blocked by Mikael Granlund.
8:26 of 2nd period - Slapshot by Chris Phillips.
8:26 of 2nd period - Stopped by Chad Johnson with a rebound.
8:28 of 2nd period - Slapshot by Chris Phillips.
8:28 of 2nd period - Deflect By Ryan Callahan.
8:28 of 2nd period - Stopped by Chad Johnson without a rebound.
8:29 of 2nd period - Daniel Briere wins face-off versus Ryan Kesler in Predators zone.
8:40 of 2nd period - Wrist shot by Daniel Briere.
8:40 of 2nd period - Shot Misses the Net.
8:42 of 2nd period - Minor Penalty to Alexander Edler for Hooking.
8:43 of 2nd period - Ryan Kesler wins face-off versus Joe Thornton in Predators zone.
9:09 of 2nd period - Snap shot by Daniel Briere.
9:09 of 2nd period - Shot Hit the Post.
9:19 of 2nd period - Ryan Kesler is hit by Marek Zidlicky and loses puck.
9:32 of 2nd period - Byron Bitz is hit by Jarome Iginla and loses puck.
10:42 of 2nd period - Penalty to Alexander Edler is over, Alexander Edler is back on ice.
11:17 of 2nd period - Icing by Alexander Edler.
11:18 of 2nd period - Andy Miele wins face-off versus Brian Boyle in Predators zone.
11:25 of 2nd period - Brian Boyle is hit by Adam Burish and loses puck.
11:33 of 2nd period - Icing by Ryan Callahan.
11:34 of 2nd period - Brian Boyle wins face-off versus Ryan Kesler in Capitals zone.
11:42 of 2nd period - Penalty Shot by Ryan Kesler for Predators.
11:42 of 2nd period - Backhand shot by Ryan Kesler.
11:42 of 2nd period - Stopped by Jake Allen.
11:43 of 2nd period - Ryan Kesler wins face-off versus Daniel Briere in Predators zone.
13:09 of 2nd period - Wrist shot by Daniel Briere.
13:09 of 2nd period - Stopped by Chad Johnson with a rebound.
13:11 of 2nd period - Slapshot by Jay Harrison.
13:11 of 2nd period - Shot Misses the Net.
13:13 of 2nd period - Wrist shot by Chris Kunitz.
13:13 of 2nd period - Shot Misses the Net.
13:15 of 2nd period - Slapshot by Daniel Briere.
13:15 of 2nd period - Stopped by Chad Johnson with a rebound.
13:17 of 2nd period - Wrist shot by Daniel Briere.
13:17 of 2nd period - Stopped by Chad Johnson with a rebound.
13:19 of 2nd period - Snap shot by Daniel Briere.
13:19 of 2nd period - Stopped by Chad Johnson with a rebound.
13:35 of 2nd period - Wrist shot by Andy Miele.
13:35 of 2nd period - Shot Misses the Net.
13:37 of 2nd period - Snap shot by James Van Riemsdyk.
13:37 of 2nd period - Shot Misses the Net.
13:51 of 2nd period - Byron Bitz is hit by Joffrey Lupul and loses puck.
13:56 of 2nd period - Wrist shot by Ryan Callahan.
13:56 of 2nd period - Deflect By Alexander Steen.
13:56 of 2nd period - Goal by Ryan Callahan - Predators : 1 - Capitals : 2.
13:57 of 2nd period - Ryan Kesler wins face-off versus Daniel Briere in neutral zone.
14:39 of 2nd period - Snap shot by Niclas Bergfors.
14:39 of 2nd period - Stopped by Jake Allen with a rebound.
14:41 of 2nd period - Slapshot by Alexander Ovechkin.
14:41 of 2nd period - Goal by Alexander Ovechkin - Predators : 2 - Capitals : 2.
14:42 of 2nd period - Brian Boyle wins face-off versus Mikael Granlund in neutral zone.
14:47 of 2nd period - Wrist shot by Joffrey Lupul.
14:47 of 2nd period - Stopped by Chad Johnson with a rebound.
15:03 of 2nd period - Minor Penalty to Mikael Granlund for Holding.
15:04 of 2nd period - Ryan Kesler wins face-off versus Joe Thornton in Predators zone.
15:04 of 2nd period - Ryan Kesler is hit by Zdeno Chara.
16:28 of 2nd period - Kris Vernarsky is hit by Marek Zidlicky and loses puck.
17:03 of 2nd period - Penalty to Mikael Granlund is over, Mikael Granlund is back on ice.
17:32 of 2nd period - Minor Penalty to Saku Koivu for High sticking.
17:33 of 2nd period - Joe Thornton wins face-off versus Niclas Bergfors in Capitals zone.
18:04 of 2nd period - Snap shot by Mikael Granlund.
18:04 of 2nd period - Shot Blocked by Jarome Iginla.
18:08 of 2nd period - Slapshot by Mikael Granlund.
18:08 of 2nd period - Shot Hit the Post.
18:22 of 2nd period - Marek Zidlicky is hit by Alexander Ovechkin and loses puck.
18:56 of 2nd period - Icing by Ryan Kesler.
18:57 of 2nd period - Shane Doan wins face-off versus Ryan Kesler in Predators zone.
19:17 of 2nd period - Byron Bitz is hit by Jarome Iginla and loses puck.
19:32 of 2nd period - Penalty to Saku Koivu is over, Saku Koivu is back on ice.
19:35 of 2nd period - Snap shot by Patrick Marleau.
19:35 of 2nd period - Shot Blocked by Ryan Mcdonagh.
19:41 of 2nd period - Jay Harrison is hit by Alexander Steen and loses puck.
19:57 of 2nd period - Off-side.
19:58 of 2nd period - Andy Miele wins face-off versus Daniel Briere in neutral zone.
Goals for this period are 2 for Predators vs 1 for Capitals.
Shots for this period are 9 for Predators vs 10 for Capitals.
3rd period
0:01 of 3rd period - Brian Boyle wins face-off versus Ryan Kesler in neutral zone.
0:26 of 3rd period - Byron Bitz is hit by Chris Kunitz and loses puck.
0:37 of 3rd period - Snap shot by Chris Kunitz.
0:37 of 3rd period - Shot Blocked by Byron Bitz.
0:51 of 3rd period - Adam Burish is hit by Marek Zidlicky and loses puck.
1:12 of 3rd period - Ryan Kesler is hit by Joe Thornton and loses puck.
1:19 of 3rd period - Slapshot by Ryan Mcdonagh.
1:19 of 3rd period - Deflect By Alexander Ovechkin.
1:19 of 3rd period - Shot Misses the Net.
1:19 of 3rd period - Puck is out of play.
1:20 of 3rd period - Ryan Callahan wins face-off versus Byron Bitz in Capitals zone.
1:41 of 3rd period - Minor Penalty to Brian Boyle for Delaying the game.
1:42 of 3rd period - Joe Thornton wins face-off versus Ryan Kesler in Capitals zone.
1:42 of 3rd period - Joe Thornton is hit by Alexander Ovechkin.
2:16 of 3rd period - Slapshot by Alexander Edler.
2:16 of 3rd period - Shot Misses the Net.
2:18 of 3rd period - Wrist shot by James Van Riemsdyk.
2:18 of 3rd period - Shot Blocked by Zdeno Chara.
2:47 of 3rd period - Off-side.
2:48 of 3rd period - Jarome Iginla wins face-off versus Mikael Granlund in neutral zone.
2:57 of 3rd period - Slapshot by Patrick Marleau.
2:57 of 3rd period - Shot Misses the Net.
3:15 of 3rd period - Wrist shot by Niclas Bergfors.
3:15 of 3rd period - Shot Misses the Net.
3:21 of 3rd period - Slapshot by Niclas Bergfors.
3:21 of 3rd period - Shot Blocked by Tom Preissing.
3:41 of 3rd period - Penalty to Brian Boyle is over, Brian Boyle is back on ice.
4:03 of 3rd period - Wrist shot by Alexander Steen.
4:03 of 3rd period - Deflect By Kris Vernarsky.
4:03 of 3rd period - Stopped by Jake Allen without a rebound.
4:04 of 3rd period - Ryan Kesler wins face-off versus Shane Doan in Capitals zone.
4:07 of 3rd period - Snap shot by Alexander Ovechkin.
4:07 of 3rd period - Stopped by Jake Allen without a rebound.
4:08 of 3rd period - Ryan Kesler wins face-off versus Saku Koivu in Capitals zone.
4:11 of 3rd period - Slapshot by Alexander Ovechkin.
4:11 of 3rd period - Shot Misses the Net.
4:13 of 3rd period - Wrist shot by Niclas Bergfors.
4:13 of 3rd period - Shot Misses the Net.
4:19 of 3rd period - Snap shot by Niclas Bergfors.
4:19 of 3rd period - Stopped by Jake Allen with a rebound.
4:21 of 3rd period - Snap shot by Alexander Ovechkin.
4:21 of 3rd period - Stopped by Jake Allen without a rebound.
4:22 of 3rd period - Ryan Kesler wins face-off versus Daniel Briere in Capitals zone.
4:53 of 3rd period - Ryan Callahan is hit by Alexander Steen and loses puck.
5:12 of 3rd period - Snap shot by Saku Koivu.
5:12 of 3rd period - Stopped by Chad Johnson with a rebound.
5:52 of 3rd period - Snap shot by Mikael Granlund.
5:52 of 3rd period - Stopped by Jake Allen with a rebound.
5:54 of 3rd period - Snap shot by Alexander Steen.
5:54 of 3rd period - Stopped by Jake Allen without a rebound.
5:55 of 3rd period - Daniel Briere wins face-off versus Mikael Granlund in Capitals zone.
5:55 of 3rd period - Daniel Briere is hit by Byron Bitz.
6:11 of 3rd period - Snap shot by Jamie Langenbrunner.
6:11 of 3rd period - Shot Misses the Net.
6:42 of 3rd period - Alexander Edler is hit by Jarome Iginla and loses puck.
6:54 of 3rd period - Icing by Alexander Edler.
6:55 of 3rd period - Mikael Granlund wins face-off versus Ryan Johansen in Predators zone.
7:08 of 3rd period - Wrist shot by Ryan Kesler.
7:08 of 3rd period - Stopped by Jake Allen with a rebound.
7:10 of 3rd period - Slapshot by Dmitri Kalinin.
7:10 of 3rd period - Stopped by Jake Allen with a rebound.
7:12 of 3rd period - Wrist shot by Dmitri Kalinin.
7:12 of 3rd period - Shot Blocked by Chris Phillips.
9:33 of 3rd period - Patrick Marleau is hit by David Jones and loses puck.
10:49 of 3rd period - Icing by Alexander Edler.
10:50 of 3rd period - Mikael Granlund wins face-off versus Saku Koivu in Predators zone.
11:00 of 3rd period - Icing by Byron Bitz.
11:01 of 3rd period - Mikael Granlund wins face-off versus Brian Boyle in Predators zone.
11:18 of 3rd period - Slapshot by Alexander Steen.
11:18 of 3rd period - Stopped by Jake Allen without a rebound.
11:19 of 3rd period - Daniel Briere wins face-off versus Ryan Kesler in Capitals zone.
11:54 of 3rd period - Off-side.
11:55 of 3rd period - Brian Boyle wins face-off versus Ryan Kesler in neutral zone.
12:24 of 3rd period - Snap shot by Daniel Briere.
12:24 of 3rd period - Stopped by Chad Johnson without a rebound.
12:25 of 3rd period - Jamie Langenbrunner wins face-off versus Mikael Granlund in Predators zone.
12:50 of 3rd period - Daniel Briere is hit by Alexander Steen and loses puck.
12:57 of 3rd period - Snap shot by Byron Bitz.
12:57 of 3rd period - Stopped by Jake Allen without a rebound.
12:58 of 3rd period - Ryan Kesler wins face-off versus Brian Boyle in Capitals zone.
13:03 of 3rd period - Wrist shot by Niclas Bergfors.
13:03 of 3rd period - Stopped by Jake Allen with a rebound.
13:05 of 3rd period - Snap shot by Ryan Kesler.
13:05 of 3rd period - Goal by Ryan Kesler - Predators : 3 - Capitals : 2.
13:06 of 3rd period - Brian Boyle wins face-off versus Ryan Kesler in neutral zone.
13:55 of 3rd period - Dmitri Kalinin is hit by Chris Kunitz and loses puck.
14:26 of 3rd period - Backhand shot by Niclas Bergfors.
14:26 of 3rd period - Shot Misses the Net.
14:28 of 3rd period - Snap shot by Niclas Bergfors.
14:28 of 3rd period - Shot Blocked by Jarome Iginla.
14:30 of 3rd period - Snap shot by Alexander Ovechkin.
14:30 of 3rd period - Stopped by Jake Allen with a rebound.
14:36 of 3rd period - Minor Penalty to Saku Koivu for Tripping.
14:37 of 3rd period - Joe Thornton wins face-off versus Ryan Kesler in Capitals zone.
16:32 of 3rd period - Jarome Iginla is hit by Byron Bitz and loses puck.
16:36 of 3rd period - Penalty to Saku Koivu is over, Saku Koivu is back on ice.
16:55 of 3rd period - Wrist shot by Adam Burish.
16:55 of 3rd period - Deflect By Saku Koivu.
16:55 of 3rd period - Shot Blocked by Jarome Iginla.
16:55 of 3rd period - Puck is out of play.
16:56 of 3rd period - Brian Boyle wins face-off versus Mikael Granlund in Capitals zone.
17:03 of 3rd period - Slapshot by Brian Boyle.
17:03 of 3rd period - Shot Misses the Net.
17:24 of 3rd period - Off-side.
17:25 of 3rd period - Andy Miele wins face-off versus Daniel Briere in neutral zone.
17:52 of 3rd period - Jamie Langenbrunner is hit by Ryan Kesler and loses puck.
18:13 of 3rd period - Snap shot by Alexander Steen.
18:13 of 3rd period - Stopped by Jake Allen without a rebound.
18:14 of 3rd period - Kris Vernarsky wins face-off versus Saku Koivu in Capitals zone.
18:15 of 3rd period - Slapshot by Alexander Steen.
18:15 of 3rd period - Shot Blocked by Jay Harrison.
18:17 of 3rd period - Slapshot by John Moore.
18:17 of 3rd period - Deflect By Alexander Steen.
18:17 of 3rd period - Stopped by Jake Allen with a rebound.
18:19 of 3rd period - Snap shot by Alexander Steen.
18:19 of 3rd period - Stopped by Jake Allen without a rebound.
18:20 of 3rd period - Saku Koivu wins face-off versus Andy Miele in Capitals zone.
18:31 of 3rd period - Wrist shot by Andy Miele.
18:31 of 3rd period - Shot Blocked by Jay Harrison.
18:51 of 3rd period - Capitals, Jake Allen is pulled from the net.
18:51 of 3rd period - Wrist shot by Joffrey Lupul.
18:51 of 3rd period - Shot Blocked by Ryan Kesler.
19:07 of 3rd period - Snap shot by Joe Thornton.
19:07 of 3rd period - Shot Misses the Net.
19:25 of 3rd period - Snap shot by Alexander Ovechkin.
19:25 of 3rd period - Deflect By Byron Bitz.
19:25 of 3rd period - Goal by Byron Bitz - Predators : 4 - Capitals : 2.
19:25 of 3rd period - Jake Allen from Capitals was sent back in the game.
19:26 of 3rd period - Andy Miele wins face-off versus Ryan Johansen in neutral zone.
19:50 of 3rd period - Tom Preissing is hit by Adam Burish and loses puck.
19:56 of 3rd period - Icing by Tom Preissing.
19:57 of 3rd period - Kris Vernarsky wins face-off versus Ryan Johansen in Capitals zone.
Goals for this period are 2 for Predators vs 0 for Capitals.
Shots for this period are 17 for Predators vs 2 for Capitals.
Back to the Top